 Dungeon Crawl Stone Soup version 0.31-a0-986-g5e6e4ef867 (webtiles) character file.

Game seed: 11727436600667256443

175 Dittersdorf the Trooper (level 5, -7/42 HPs)
             Began as a Human Fighter on Nov 7, 2023.
             Mangled by a black bear (8 damage)
             ... on level 3 of the Dungeon.
             The game lasted 00:02:32 (3025 turns).

Dittersdorf the Trooper (Human Fighter)             Turns: 3025, Time: 00:02:32

Health: -7/42      AC:  8    Str: 19    XL:     5   Next: 85%
Magic:  5/5        EV: 10    Int:  8    God:
Gold:   112        SH:  5    Dex: 12    Spells: 4/4 levels left

rFire   + . .        a - +0 long sword
rCold   . . .        c - +0 buckler
rNeg    + . .        p - +1 ring mail of Happiness {rN+ rCorr}
rPois   .            o - +0 hat
rElec   .            g - +0 cloak
rCorr   +            (no gloves)
SInv    .            (no boots)
Will    .....        (no amulet)
Stlth   +            l - ring of protection from fire
HPRegen 0.27/turn    (no ring)
MPRegen 0.09/turn

%: no passive effects
@: no status effects
A: no striking features
a: no special abilities


You were on level 3 of the Dungeon.
You visited 1 branch of the dungeon, and saw 3 of its levels.

You collected 112 gold pieces.

Inventory:

Hand Weapons
 a - a +0 long sword (weapon)
Armour
 c - a +0 buckler (worn)
 g - a +0 cloak (worn)
 o - a +0 hat (worn)
 p - the +1 ring mail of Happiness (worn) {rN+ rCorr}
   (You took it off a goblin on level 2 of the Dungeon)

   rN+:       It protects you from negative energy.
   rCorr:     It protects you from acid and corrosion.
Jewellery
 l - a ring of protection from fire (left hand)
Wands
 q - a wand of flame (10) (quivered)
Scrolls
 b - a scroll of silence {unknown}
 f - a scroll of revelation {unknown}
 h - a scroll of fog {unknown}
 i - 2 scrolls of identify {unknown}
 j - a scroll of enchant weapon {unknown}
 k - a scroll of blinking {unknown}
 n - a scroll of fear {unknown}
Potions
 d - a potion of might
 e - a potion of curing {unknown}
 m - a potion of heal wounds {unknown}


   Skills:
 + Level 4.0 Fighting
 + Level 3.1 Long Blades
 + Level 4.0 Armour
 + Level 3.9 Shields


You had 4 spell levels left.
You didn't know any spells.
Your spell library was empty.

Dungeon Overview and Level Annotations

Branches:
Dungeon (3/15)

Altars:


Message History

You block the black bear's attack. The black bear claws you.
You hit the black bear.
The black bear is heavily wounded.
The black bear barely misses you. You block the black bear's attack. x2
You hit the black bear.
The black bear is severely wounded.
The black bear goes berserk!
The black bear bites you. The black bear barely misses you.
The black bear claws you but does no damage.
You closely miss the black bear.
The black bear is severely wounded.
The black bear closely misses you.
The black bear claws you but does no damage.
The black bear claws you. The black bear closely misses you.
The black bear barely misses you. You block the black bear's attack.
You are too injured to fight recklessly!
You are too injured to fight recklessly!
You are too injured to fight recklessly!
You are too injured to fight recklessly!
You are too injured to fight recklessly!
You are too injured to fight recklessly!
You are too injured to fight recklessly!
You are too injured to fight recklessly!
You barely miss the black bear.
The black bear is severely wounded.
The black bear bites you!
* * * LOW HITPOINT WARNING * * *
The black bear claws you but does no damage.
You block the black bear's attack. The black bear closely misses you.
The black bear claws you.
* * * LOW HITPOINT WARNING * * *
The black bear claws you.
* * * LOW HITPOINT WARNING * * *
Aiming: Throw Flame
Press: ? - help, Q - select action Shift-Dir - straight line, f - black bear
Aim: a black bear (severely wounded, berserk, 77% to hit)
The puff of flame hits the black bear.
The black bear is almost dead.
The black bear bites you!
You die...

#####
#####
#..<#
###...#
###.##
#...###
#..###.###
####...#.#
#.@......#
#h####.###
... #...#
..###
###.# ...
### ##


You could see a black bear (berserk).

Vanquished Creatures
  Jessica (D:2)
  Natasha (thrice) (D:2)
  An adder (D:2)
  A worm (D:2)
  A dart slug (D:2)
  4 ball pythons (D:2)
  A bat (D:2)
  9 endoplasms
  A giant cockroach (D:2)
  6 goblins
  10 hobgoblins
  6 jackals (D:2)
  4 kobolds
  2 quokkas
  A frilled lizard (D:1)
  3 rats (D:1)
54 creatures vanquished.

Notes
Turn   | Place    | Note
-------+----------+-------------------------------------------
     0 | D:1      | Dittersdorf the Human Fighter began the quest for the Orb.
     0 | D:1      | Reached XP level 1. HP: 18/18 MP: 1/1
   144 | D:1      | Reached XP level 2. HP: 24/24 MP: 2/2
   476 | D:1      | Reached XP level 3. HP: 21/29 MP: 3/3
  1218 | D:2      | Reached XP level 4. HP: 31/35 MP: 4/4
  1250 | D:2      | Noticed Jessica
  1253 | D:2      | Killed Jessica
  1413 | D:2      | Noticed Natasha
  1429 | D:2      | Killed Natasha
  1430 | D:2      | Reached XP level 5. HP: 24/42 MP: 5/5
  1562 | D:2      | Identified the +1 ring mail of Happiness {rN+ rCorr}
  2459 | D:2      | Noticed Natasha
  2470 | D:2      | Killed Natasha
  2499 | D:2      | Noticed Natasha
  2510 | D:2      | Killed Natasha
  3011 | D:3      | Noticed a black bear
  3024 | D:3      | HP: 1/42 [black bear (3)]
  3025 | D:3      | Mangled by a black bear

Illustrated notes

Levels and vault maps discovered:
D:1:      dpeg_arrival_arbitrary_c, layout_loops_ring, minivault_23,
          minmay_3d_cube
D:2:      layout_basic, minmay_pentomino_pile, uniq_natasha, uniq_jessica
D:3:      layout_rooms, gammafunk_temple_overflow_elements, serial_shops, shop,
          st_stairs_5, chequers_avenue, supply_closet_lemuel,
          uniq_crazy_yiuf_cottage, uniq_grinder, uniq_ijyb

Skill      XL: |  1  2  3  4  5 |
---------------+----------------+-----
Long Blades    | 3 |  3.1
Fighting       | 4 |  4.0
Armour         | 4 |  4.0
Shields        | |  3.9

Action                     |  1- 3 |  4- 6 || total
---------------------------+-------+-------++-------
  Melee: Long sword        |   114 |    92 ||   206
  Evoke: Wand              |       |     1 ||     1
 Armour: Scale mail        |    72 |    54 ||   126
         Ring mail         |       |    50 ||    50
  Dodge: Dodged            |    55 |    47 ||   102
  Block: Buckler           |    20 |    26 ||    46

Table legend: (Time is in decaauts)
 A = Elapsed time spent in this place.
 B = Non-inter-level travel time spent in this place.
 C = Inter-level travel time spent in this place.
 D = Time resting spent in this place.
 E = Time spent auto-exploring this place.
 F = Levels seen in this place.
 G = Mean time per level.
                   A        B        C        D        E       F      G
               +--------+--------+--------+--------+--------+-----+--------+
         Total |   3100 |   2941 |    159 |    143 |   2322 |   3 | 1033.3 |
       Dungeon |   3100 |   2941 |    159 |    143 |   2322 |   3 | 1033.3 |
               +--------+--------+--------+--------+--------+-----+--------+

Top non-repeatable levels by time:
     D:2: 2126 daAuts
     D:1: 929 daAuts
     D:3: 44 daAuts
